[Event "Early-Titled-Tuesday-Blitz-March-05-2024"]
[Site "Chess.com"]
[Date "2024.03.05"]
[Round "4"]
[White "ritanovikova"]
[Black "janhelmer03"]
[Result "0-1"]
[WhiteElo "2198"]
[BlackElo "2400"]
[TimeControl "180+1"]
[EndTime "8:43:21 PST"]
[Termination "janhelmer03 won by checkmate"]

1. e4 c5 2. Nc3 Nc6 3. d3 g6 4. Be3 d6 5. Qd2 Bg7 6. g3 e5 7. h4 h6 8. h5 g5 9. f4 exf4 10. gxf4 gxf4 11. Bxf4 Nge7 12. Nb5 Be5 13. Bxh6 Be6 14.
O-O-O Qb6 15. d4 cxd4 16. Bf4 O-O-O 17. Nf3 a6 18. Nbxd4 Nxd4 19. Nxd4 Bg4 20. Bh3 Bxh3 21. Rxh3 Nc6 22. Nb3 a5 23. Bxe5 dxe5 24. Qe2 a4 25. Nd2 Kb8 26. c3 a3 27. b3 Rc8 28. Nc4 Qc5 29. Kb1 Ne7 30. Nd6 Rcf8 31. Nf5 Nc6 32.
Qe3 Qa5 33. Nd6 Rd8 34. Rhh1 Rd7 35. Nc4 Qc7 36. Rxd7 Qxd7 37. Kc2 Qg4 38. Qd3 Rd8 39. Qf1 Qxe4+ 40. Kc1 Rd3 41. Rh4 Rxc3+ 42. Kd2 Qc2+ 43. Ke1 Qc1+ 44. Kf2 Rf3+ 45. Kxf3 Qxf1+ 46. Kg4 Qf4+ 47. Kh3 Qf3+ 48. Kh2 Qf2+ 49. Kh3 Qxa2 50. h6 Qxb3+ 51. Kg4 Qxc4+ 52. Kg5 Qc1+ 53. Kf6 a2 54. h7 Qf1+ 55. Kg7 Qg2+ 56. Kf8 a1=Q 57. h8=Q Qa3+ 58. Kxf7+ Ka7 59. Rh7 Qe7# 0-1

[Event "Early-Titled-Tuesday-Blitz-March-05-2024"]
[Site "Chess.com"]
[Date "2024.03.05"]
[Round "4"]
[White "Hamisandwich"]
[Black "bancsoo"]
[Result "1-0"]
[WhiteElo "2620"]
[BlackElo "2913"]
[TimeControl "180+1"]
[EndTime "8:43:22 PST"]
[Termination "Hamisandwich won on time"]

1. e4 e5 2. Nf3 d6 3. d4 exd4 4. Qxd4 Nc6 5. Bb5 Ne7 6. Qe3 a6 7. Ba4 Ng6 8. h4 h5 9. Nc3 Bd7 10. Bd2 Nce5 11. Bb3 Nxf3+ 12. Qxf3 Ne5 13. Qe2 Be6 14.
O-O-O Qd7 15. Nd5 O-O-O 16. Bc3 f6 17. Kb1 Kb8 18. f3 Re8 19. Qf2 Qf7 20. Ba5 Rc8 21. Nf4 Bxb3 22. axb3 g6 23. Bc3 Bg7 24. Qd4 Bh6 25.
Nd5 Rhe8 26. b4 f5 27. Rhe1 Nc6 28. Qc4 fxe4 29. Rxe4 Rxe4 30. Qxe4 Re8 31. Qd3 Bg7 32. b5 axb5 33. Qxb5 Bxc3 34. Nxc3 Re5 35. Qd3 Qf5 36. Qxf5 gxf5 37. Kc1 Ne7 38. Kd2 Ng6 39. g3 f4 40.
gxf4 Rf5 41. Ne2 Nxh4 42. Ke3 Ng2+ 43. Ke4 Rf8 44. Rg1 Re8+ 45. Kd3 Ne3 46. Rh1 c5 47. b3 Kc7 48. Rxh5 Kc6 49. f5 Nd5 50. Rh6 Rf8 51. Ng3 Re8 52. Ne4 Rd8 53. c4 Nb4+ 54.
Ke3 Nc2+ 55. Kd3 Nd4 56. b4 b6 57. b5+ Kc7 58. Rh7+ Rd7 59. Rxd7+ Kxd7 60. Nf6+ Kd8 61.
Nd5 Nxf3 62. Nxb6 Ne5+ 63. Kc3 Kc7 64. Nd5+ Kd7 65. f6 Nf7 66. b6 Kc8 67. Kd3 Kb7 68. Ke4 Ne5 69. Kf5 Kc6 70. Ke6 1-0

[Event "Early-Titled-Tuesday-Blitz-March-05-2024"]
[Site "Chess.com"]
[Date "2024.03.05"]
[Round "4"]
[White "FREDERICKtheMATE"]
[Black "Josetricks"]
[Result "1/2-1/2"]
[WhiteElo "2717"]
[BlackElo "2541"]
[TimeControl "180+1"]
[EndTime "8:43:22 PST"]
[Termination "Game drawn - insufficient material"]

1. d4 g6 2. e4 Bg7 3. Nc3 c6 4. f4 d5 5. e5 f6 6. Nf3 Bg4 7. Be2 Nh6 8. O-O O-O 9. Be3 Nf5 10. Bf2 fxe5 11. fxe5 e6 12. h3 Bxf3 13. Bxf3 c5 14. dxc5 Nd7 15. g4 Nh4 16. Bxd5 exd5 17. Qxd5+ Kh8 18. e6 Ne5 19. Qxd8 Nhf3+ 20. Kg2 Rfxd8 21. Rad1 Rxd1 22. Rxd1 Re8 23. Nb5 h6 24. Nxa7 Rxe6 25. Nb5 Ng5 26. Nd6 Ngf7 27. Nxf7+ Nxf7 28. Rd7 Ng5 29. Rxb7 Re2 30. c3 Nxh3 31. Kxh3 Rxf2 32. Kg3 Rf8 33. b4 Bxc3 34. b5 Be5+ 35. Kg2 Rf4 36.
Re7 Rxg4+ 37. Kf3 Rf4+ 38. Ke3 Rf5 39. b6 Bg3 40. c6 Bf2+ 41. Ke4 Bxb6 42. c7 Bxc7 43.
Rxc7 h5 44. Ra7 h4 45. a4 h3 46. Rb7 Ra5 47. Kf3 Rxa4 48. Kg3 Ra3+ 49. Kh2 Re3 50. Rc7 Rf3 51. Ra7 Kg8 52. Rb7 Rf7 53. Rb8+ Kg7 54. Kxh3 Rf3+ 55. Kg4 Rc3 56. Rb5 Kh6 57. Kh4 Rc4+ 58.
Kg3 g5 59. Rb3 Kh5 60. Ra3 Rg4+ 61. Kh3 Rh4+ 62. Kg3 Rf4 63. Kh3 Kg6 64. Kg3 Re4 65. Rb3 Kf5 66. Rb5+ Re5 67. Rb3 Rd5 68. Rf3+ Ke4 69.
Ra3 Re5 70. Kg4 Kd5 71. Ra8 Kc5 72. Rg8 Kd5 73. Rxg5 Rxg5+ 74. Kxg5 1/2-1/2

[Event "Early-Titled-Tuesday-Blitz-March-05-2024"]
[Site "Chess.com"]
[Date "2024.03.05"]
[Round "4"]
[White "LaPiToB"]
[Black "ajeale2"]
[Result "0-1"]
[WhiteElo "2280"]
[BlackElo "2482"]
[TimeControl "180+1"]
[EndTime "8:43:22 PST"]
[Termination "ajeale2 won by resignation"]

1. d4 g6 2. c4 Bg7 3. Nf3 d6 4. e4 Nd7 5. Nc3 e5 6. Be3 Ne7 7. Be2 O-O 8. O-O h6 9. Qd2 Kh7 10. Bd1 f5 11. dxe5 dxe5 12. exf5 Nxf5 13. Bc2 Nb6 14. Qe2 Nxe3 15. fxe3 Bf5 16. e4 Bg4 17. Rad1 Qe7 18. b3 c6 19. h3 Bxf3 20. Rxf3 Rxf3 21. Qxf3 Qc5+ 22. Kh2 Rf8 23. Qg3 Qf2 24. Bd3 Qb2 25.
Bf1 h5 26. Be2 Bh6 27. Kh1 Bf4 28. Qh4 Qxc3 29. Qe7+ Kg8 30. Qe6+ Kg7 31. Bf3 Qc2 32. Rd6 Qc1+ 33. Bd1 Qe3 34. Qxg6+ Kh8 35. Qxh5+ Kg7 36. Rg6+ Kf7 37. Rg3+ Ke7 38. Rxe3 Bxe3 39. Bf3 Rf6 40.
Qh7+ Rf7 41. Qh5 Nd7 42. Qh4+ Rf6 43. Be2 Kd6 44. g4 Bf4 45. g5 Rg6 46. Bg4 Rxg5 47. Bxd7 Kxd7 48. Qh7+ Kc8 49. Qh8+ Kc7 50. Qf6 Rg3 51.
h4 Kb6 52. Qd8+ Ka6 53. b4 Rh3+ 54. Kg2 Ra3 55. b5+ cxb5 56. cxb5+ Kxb5 57. Qd5+ Kb4 58. h5 Rg3+ 59. Kf2 Rh3 60. h6 Rxh6 61. Qxb7+ Ka5 62. Qxa7+ Kb4 63. Qe7+ Kc3 64. Qc7+ Kd4 65. a4 Kxe4 66. Qc6+ Kd4 67. Qb6+ Rxb6 68. a5 Ra6 69. Kf3 Rxa5 70. Kg4 Ra3 0-1

[Event "Early-Titled-Tuesday-Blitz-March-05-2024"]
[Site "Chess.com"]
[Date "2024.03.05"]
[Round "4"]
[White "esrosenberg"]
[Black "Zhigalko_Sergei"]
[Result "0-1"]
[WhiteElo "2458"]
[BlackElo "2899"]
[TimeControl "180+1"]
[EndTime "8:43:25 PST"]
[Termination "Zhigalko_Sergei won by resignation"]

1. d4 Nf6 2. c4 e6 3. Nc3 Bb4 4. Nf3 b6 5. Qb3 a5 6. Bg5 Bb7 7. e3 h6 8. Bxf6 Qxf6 9. Be2 d6 10. a3 Bxc3+ 11. Qxc3 Nd7 12. O-O a4 13. Nd2 O-O 14. Bf3 Bxf3 15. Nxf3 Ra5 16. Rac1 Re8 17. Rfd1 Rf5 18.
Qc2 Rxf3 19. gxf3 Qxf3 20. Rd2 Ra8 21. Qd1 Qe4 22. Qf1 Ra5 23. f4 Qxe3+ 24. Qf2 Qe4 25. Re1 Qf5 26. Kh1 Nf6 27. Rde2 Qd3 28. c5 bxc5 29.
dxc5 Rxc5 30. Re3 Qb5 31. Rc3 Qc6+ 32. Kg1 Rxc3 33. bxc3 Qxc3 34. Qe3 Qb2 35. Re2 Qb1+ 36. Re1 Qf5 37. Kg2 Nd5 38. Qe4 Qg4+ 39. Kf2 Nxf4 40. Re3 d5 41. Qf3 Qf5 42. Kg3 e5 43. Rc3 Qg5+ 44. Kf2 e4 45. Qg3 Qf6 46. Ke1 Nd3+ 47.
Rxd3 exd3 48. Qxd3 Qa1+ 49. Ke2 Qb2+ 50. Ke1 Qe5+ 51.
Kd1 g6 52. Qa6 Qxh2 53. Qa8+ Kg7 54. Qxd5 Qg1+ 55. Kc2 Qf2+ 56. Kc3 Qf6+ 57. Kc2 h5 58. Qa8 Qf5+ 59. Kc1 Qf4+ 60. Kb2 h4 61. Qc6 Qf6+ 62.
Qxf6+ Kxf6 63. Kc3 h3 64. Kb4 h2 65. Kxa4 h1=Q 66.
Ka5 Qa8+ 67. Kb4 Qb7+ 68. Ka5 Qa7+ 69. Kb5 Qxa3 70. Kc6 Qc1+ 71. Kd7 c5 0-1

[Event "Early-Titled-Tuesday-Blitz-March-05-2024"]
[Site "Chess.com"]
[Date "2024.03.05"]
[Round "4"]
[White "Roman_Ovetchkin"]
[Black "Arystanner"]
[Result "0-1"]
[WhiteElo "2594"]
[BlackElo "2895"]
[TimeControl "180+1"]
[EndTime "8:43:25 PST"]
[Termination "Arystanner won on time"]

1. d4 d5 2. c4 e6 3. Nf3 Nf6 4. g3 Bb4+ 5. Bd2 a5 6. Bg2 O-O 7. Qc2 c5 8. dxc5 d4 9. O-O Nc6 10. Bg5 h6 11. Bxf6 Qxf6 12. Nbd2 Bxc5 13. a3 e5 14. Ne1 Ba7 15. Nd3 Bf5 16. c5 Rfe8 17. Ne4 Qg6 18. Nd6 e4 19. Nf4 Qf6 20. Nd5 Qe5 21.
Nc7 d3 22. exd3 exd3 23. Qc4 Bg6 24. Ncxe8 Bxc5 25. Rae1 Qh5 26. Re4 Bxe4 27. Bxe4 d2 28. Qd5 Qxd5 29. Bxd5 Bxd6 30. Nxd6 Rd8 31. Bxf7+ Kf8 32.
Bh5 Rxd6 33. Rd1 g6 34. Be2 Nd4 35. Kf1 Nb3 36. Bc4 Nc1 37. f4 Rd4 38. Bb5 Ke7 39.
Kf2 Nb3 40. Ke3 a4 41. Bd3 Kf6 42. Bc2 Rd6 43. Bxb3 axb3 44. Rxd2 Re6+ 45. Kf3 h5 46. Rd3 Rb6 47. h3 Kf5 48. g4+ hxg4+ 49. hxg4+ Kf6 50.
g5+ Kf5 51. Rd5+ Ke6 52. Re5+ Kf7 53. Re3 Rb5 54. Kg4 Rb6 55. Re5 Kg7 56. a4 Kf7 57. Rb5 Ra6 58. Rxb7+ Kg8 59. Rb4 Kf7 60. f5 gxf5+ 61. Kxf5 Ra5+ 62. Kf4 Kg6 63. Rb6+ Kg7 64. Rxb3 Rxa4+ 65. Kf5 Ra5+ 66. Kf4 Kg6 67. Rb6+ Kg7 68. b4 Ra1 69. Rd6 Kf7 70. Rd4 Ke6 71. Ke3 Rg1 0-1

[Event "Early-Titled-Tuesday-Blitz-March-05-2024"]
[Site "Chess.com"]
[Date "2024.03.05"]
[Round "4"]
[White "Shahdad2007"]
[Black "ckgchess"]
[Result "1/2-1/2"]
[WhiteElo "2565"]
[BlackElo "2898"]
[TimeControl "180+1"]
[EndTime "8:43:26 PST"]
[Termination "Game drawn by stalemate"]

1. Nf3 Nf6 2. c4 g6 3. b3 Bg7 4. Bb2 O-O 5. e3 c5 6. Be2 Nc6 7. d3 d5 8. cxd5 Qxd5 9. a3 Rd8 10. O-O b6 11. Nbd2 Bb7 12. Qc2 Rac8 13. Rac1 e5 14. Rfe1 h6 15. Qb1 Qe6 16. Qa1 Nd7 17. Bd1 Re8 18.
b4 cxb4 19. Bb3 Qe7 20. Ne4 a5 21. Qa2 Rf8 22. d4 bxa3 23. Bxa3 Nb4 24. Qb1 Rxc1 25. Bxc1 exd4 26. exd4 Bxe4 27. Rxe4 Qd8 28. Re1 Kh8 29. Ne5 Nxe5 30. dxe5 Qe7 31. e6 fxe6 32. Qxg6 Qf6 33. Qxf6 Rxf6 34. Bb2 Rf8 35. Bxg7+ Kxg7 36. Rxe6 Rf6 37.
Re7+ Kf8 38. Rb7 Nd3 39. f3 Nc5 40. Rb8+ Ke7 41. Bc4 Kd7 42. Kf2 Kc7 43. Ra8 Kb7 44.
Bd5+ Kc7 45. g4 a4 46. h4 b5 47. Ke3 b4 48. f4 b3 49. g5 hxg5 50. hxg5 b2 51. Ba2 Re6+ 52. Kd2 Rb6 53. Kc2 Ne4 54. Rxa4 Nc5 55. Rc4 Kd6 56. g6 Rb8 57. g7 Nd7 58. Rd4+ Ke7 59. g8=Q Rxg8 60. Bxg8 Nf6 61. Bb3 Ne8 62.
Kxb2 Nd6 63. Rxd6 Kxd6 64. Kc3 Ke7 65. Kd4 Kf6 66. Ke4 Ke7 67. Ke5 Kf8 68. Kf6 Ke8 69. Kg7 Ke7 70. f5 Kd6 71. f6 Kc5 72. f7 Kb4 73.
f8=Q+ Kc3 74. Qc5+ Kb2 75. Ba4 Ka1 76. Qc2 1/2-1/2

[Event "Early-Titled-Tuesday-Blitz-March-05-2024"]
[Site "Chess.com"]
[Date "2024.03.05"]
[Round "4"]
[White "ARMQUEEN"]
[Black "laziestwin"]
[Result "1-0"]
[WhiteElo "2423"]
[BlackElo "2574"]
[TimeControl "180+1"]
[EndTime "8:43:30 PST"]
[Termination "ARMQUEEN won by checkmate"]

1. e4 d6 2. d4 g6 3. Nc3 Bg7 4.
f4 Nf6 5. Nf3 O-O 6. Bd3 e5 7.
fxe5 dxe5 8. dxe5 Ng4 9. Bf4 Nc6 10. O-O Ncxe5 11. Qe2 Be6 12. h3 Nxf3+ 13. Rxf3 Qd4+ 14. Kh1 Ne5 15. Rff1 Rad8 16. Rad1 c6 17. a3 Qd7 18.
Qe3 Qd4 19. Qc1 Nc4 20. Bg5 Rd7 21. Ne2 Qxb2 22. Bxc4 Qxc1 23. Bxc1 Rxd1 24. Rxd1 Bxc4 25. Ng3 Be6 26. Be3 b6 27. Ne2 Rc8 28. Nf4 Bc4 29.
Rd7 c5 30. Rxa7 Be5 31. Nd5 Bxd5 32. exd5 b5 33. Re7 Bd6 34. Rd7 Bf8 35. d6 Rc6 36. Bf4 g5 37. Bg3 b4 38. axb4 cxb4 39. Rd8 Rxc2 40.
d7 Rd2 41. Be1 Rd1 42. Kh2 b3 43. Bb4 b2 44. Bxf8 f6 45. Ba3+ Kf7 46. Bxb2 Ke7 47.
Rh8 Kxd7 48. Bxf6 g4 49. Rxh7+ Ke6 50. Bh4 gxh3 51. Kxh3 Kf5 52. g4+ Kg6 53. Rc7 Rd3+ 54. Bg3 Rb3 55. Rc6+ Kg5 56. Rc5+ Kg6 57. Kh4 Rb1 58.
Rc6+ Kg7 59. Be5+ Kh7 60. Kg5 Rb5 61. Rc7+ Kg8 62. Kf5 Rb6 63. g5 Rb5 64. g6 Rb8 65. Rg7+ Kf8 66. Rh7 Re8 67. Rh8+ Ke7 68. g7 Kf7 69. Rxe8 Kxe8 70. g8=Q+ Ke7 71. Qe6+ Kf8 72. Bd6+ Kg7 73. Qg6+ Kh8 74. Be5# 1-0

[Event "Early-Titled-Tuesday-Blitz-March-05-2024"]
[Site "Chess.com"]
[Date "2024.03.05"]
[Round "4"]
[White "Blitzstream"]
[Black "VladimirKramnik"]
[Result "0-1"]
[WhiteElo "2807"]
[BlackElo "2971"]
[TimeControl "180+1"]
[EndTime "8:43:32 PST"]
[Termination "VladimirKramnik won by resignation"]

1. e4 c5 2. Nf3 d6 3. d4 cxd4 4. Nxd4 Nf6 5. Nc3 a6 6. Rg1 g6 7. g4 Bg7 8. g5 Nfd7 9. Be3 Nc6 10. Qd2 Qa5 11. O-O-O Nc5 12. Kb1 Be6 13. Nxe6 fxe6 14. Bh3 Bxc3 15. Qxc3 Qxc3 16. bxc3 Nxe4 17. Kb2 Rf8 18.
Bxe6 Ne5 19. f4 Nd7 20. h4 Ndc5 21. Bb3 Rc8 22. h5 Kd7 23. Rh1 Nxb3 24. axb3 Rxc3 25. Rd3 Rxd3 26. cxd3 Ng3 27. hxg6 hxg6 28. Rh7 Nf5 29. Bd2 Ke6 30. Bc3 b5 31. b4 Rc8 32. Rh1 Kd5 33.
Ra1 Rc6 34. Re1 e6 35. Rh1 Rc7 36. Ra1 Ra7 37. Rh1 e5 38. fxe5 dxe5 39. Rh8 Re7 40. Rd8+ Kc6 41. Ra8 Kb7 42. Rg8 Nh4 43. Be1 Nf3 44. Bf2 e4 45. dxe4 Rxe4 46. Rg7+ Kc6 47. Rxg6+ Kd5 48. Rxa6 Re2+ 49. Kc3 Rxf2 50. g6 Ne5 51. g7 Rf3+ 52. Kc2 Rg3 53. Ra7 Kc4 54. Re7 Nc6 55. Rc7 Kd5 56. Rd7+ Ke6 57. Rb7 Kd6 58. Kd2 Nd4 59. Rf7 Kd5 60. Rc7 Rg2+ 61. Kd3 Rg3+ 62. Kd2 Ke4 63. Re7+ Kf5 64. Rf7+ Ke6 65. Rc7 Kd5 66.
Rd7+ Kc4 67. Ke1 Nf5 68. Kf2 Rxg7 69. Rd1 Nd4 70. Rb1 Re7 71. Rb2 Re2+ 72. Rxe2 Nxe2 73.
Kxe2 Kxb4 74. Kd1 Kb3 75. Kc1 Ka2 76. Kd2 b4 77. Kc1 b3 78. Kd2 b2 79. Kc3 b1=Q 80.
Kd2 Qe4 81. Kc3 0-1

[Event "Early-Titled-Tuesday-Blitz-March-05-2024"]
[Site "Chess.com"]
[Date "2024.03.05"]
[Round "4"]
[White "Meri-Arabidze"]
[Black "subham777"]
[Result "0-1"]
[WhiteElo "2706"]
[BlackElo "2548"]
[TimeControl "180+1"]
[EndTime "8:43:34 PST"]
[Termination "subham777 won on time"]

1. d4 d5 2. Nf3 Nf6 3. c4 e6 4.
Nc3 Be7 5. Bg5 O-O 6. e3 Ne4 7. Bxe7 Qxe7 8. Rc1 c6 9. Qc2 f5 10. Bd3 Nd7 11. O-O Rf6 12. Ne2 Rh6 13. a3 g5 14. Bxe4 fxe4 15. Ne5 Nxe5 16. dxe5 g4 17. Nf4 Qh4 18. h3 gxh3 19. Nxh3 Bd7 20. f3 Qg3 21. Nf4 Rf8 22. fxe4 Qxe3+ 23. Qf2 Qxf2+ 24. Rxf2 dxe4 25. c5 Rf5 26. Rd1 Rf7 27. g3 e3 28. Re2 Kf8 29. Rxe3 Ke8 30. b4 b6 31. Rd6 b5 32. Red3 Re7 33. Kg2 Rf7 34. Rd2 Re7 35.
R2d4 Rf7 36. Kg1 Re7 37. Ne2 Rg6 38. Kg2 Reg7 39. Rd3 Rg4 40. Nc3 h5 41. Kh3 h4 42.
gxh4 Rg1 43. Rd2 R1g3+ 44. Kh2 Rxc3 45. h5 Rh7 46. Kg2 Rc4 47. h6 Rg4+ 48. Kf3 Rg6 49.
Rh2 Rgxh6 50. Rg2 Rf7+ 51. Ke2 Rh8 52. Rg6 Rhf8 53. Rh6 Rf2+ 54. Kd1 Rg2 55. Ke1 Rg1+ 56. Ke2 Rg2+ 57. Ke3 Rg7 58. Rf6 Rxf6 59. exf6 Rf7 60. a4 bxa4 61. b5 cxb5 62. c6 Bxc6 63. Rxc6 Rxf6 64.
Ra6 Kd7 65. Rxa7+ Kc6 66. Kd4 Rf4+ 67. Ke5 Rf1 68. Kxe6 Kc5 69. Ke5 Rd1 70. Rc7+ Kb4 71.
Ra7 a3 72. Ke4 Kb3 73. Ke3 b4 74. Ke2 Rd8 0-1

[Event "Early-Titled-Tuesday-Blitz-March-05-2024"]
[Site "Chess.com"]
[Date "2024.03.05"]
[Round "4"]
[White "SlavenPastar"]
[Black "Bulatova_Kamaliya"]
[Result "1/2-1/2"]
[WhiteElo "2624"]
[BlackElo "2444"]
[TimeControl "180+1"]
[EndTime "8:43:34 PST"]
[Termination "Game drawn - insufficient material"]

1. b3 Nf6 2. Bb2 d6 3. d4 g6 4.
Nf3 Bg7 5. g3 O-O 6. Bg2 a5 7.
a4 Nc6 8. O-O Bg4 9. h3 Bd7 10.
d5 Nb4 11. Ne1 Qc8 12. Kh2 h5 13. c3 Na6 14. Nd3 h4 15. g4 Nc5 16. Nxc5 dxc5 17. Qc2 c6 18. e4 cxd5 19. exd5 Bxg4 20. c4 Bf5 21. Qe2 e6 22. Nc3 exd5 23. cxd5 Re8 24. Qd2 Nh5 25. Nb5 Qd7 26. Bxg7 Nxg7 27. Qf4 Rad8 28.
Qxh4 Bd3 29. Rfe1 Bxb5 30. axb5 Qxb5 31. Qc4 Qb6 32. Red1 Qd6+ 33. Kg1 b6 34. Ra2 Nf5 35.
Re2 Nd4 36. Rxe8+ Rxe8 37. Qd3 Ne2+ 38. Kh1 Nf4 39. Qf3 Nxg2 40. Kxg2 Re5 41. Rd3 Rg5+ 42.
Kf1 Rf5 43. Qe4 Qh2 44. Rf3 Qh1+ 45. Ke2 Rxf3 46. Qxf3 Qxf3+ 47. Kxf3 Kf8 48. Ke4 Ke7 49. f4 Kd6 50. f5 g5 51. f6 b5 52. Kf5 a4 53. bxa4 bxa4 54. Kxg5 a3 55. Kh6 a2 56.
Kg7 a1=Q 57. Kxf7 Qa7+ 58. Kg8 Qb8+ 59. Kg7 Kxd5 60. f7 Qg3+ 61. Kf6 Qf4+ 62. Ke7 Qe5+ 63. Kd8 Qf6+ 64. Ke8 Qe6+ 65. Kf8 Kd6 66. h4 c4 67. h5 Qh6+ 68. Kg8 Qf6 69. f8=Q+ Qxf8+ 70. Kxf8 c3 71. h6 c2 72. h7 c1=Q 73. h8=Q Qc8+ 74. Kg7 Qxh8+ 75.
Kxh8 1/2-1/2

[Event "Early-Titled-Tuesday-Blitz-March-05-2024"]
[Site "Chess.com"]
[Date "2024.03.05"]
[Round "4"]
[White "Mesa_1"]
[Black "Veganator13"]
[Result "1-0"]
[WhiteElo "2490"]
[BlackElo "2298"]
[TimeControl "180+1"]
[EndTime "8:43:37 PST"]
[Termination "Mesa_1 won on time"]

1. d4 g6 2. e4 Bg7 3. Nf3 d6 4. Nc3 a6 5. Be2 Nf6 6. O-O O-O 7. Re1 Nc6 8. d5 Nb8 9. a4 e5 10. dxe6 Bxe6 11. Nd4 Bd7 12. h3 Re8 13. Bf1 Nc6 14. Nb3 Be6 15. Bg5 h6 16. Bh4 g5 17. Bg3 d5 18.
Nc5 dxe4 19. Qxd8 Raxd8 20. Rad1 Rxd1 21. Rxd1 Bc8 22. Bxc7 Nb4 23. N3xe4 Nxe4 24. Nxe4 Nxc2 25. Nd6 Rf8 26. Nxc8 Rxc8 27. Rd7 Bxb2 28. Bc4 Nb4 29. Bxf7+ Kh8 30. Bb3 Nc6 31. g3 Bd4 32. Kg2 Bg7 33. f4 Nd4 34. fxg5 Nxb3 35. gxh6 Bxh6 36. Be5+ Kg8 37.
Rxb7 Nc5 38. Rb6 Bf8 39. g4 a5 40. h4 Nxa4 41. Ra6 Bb4 42. g5 Nc5 43. Ra7 Nd3 44.
Bf6 Rc2+ 45. Kf3 Bf8 46. Kg4 Rc4+ 47. Kf5 Nf4 48. g6 Nh5 49. Be5 Rc5 50. Ra8 Ng7+ 51. Kf6 Rb5 52. Bd6 Nh5+ 53. Ke6 Ng7+ 54. Kd7 Rf5 55.
Rxa5 Rf6 56. Bxf8 Kxf8 57. Ra8+ Ne8 58. Rxe8+ Kg7 59. h5 Rf5 60. Re7+ Kh6 61. Rh7+ Kg5 62. g7 Rf7+ 63. Ke8 Kf6 64. g8=Q Re7+ 65. Rxe7 1-0

[Event "Early-Titled-Tuesday-Blitz-March-05-2024"]
[Site "Chess.com"]
[Date "2024.03.05"]
[Round "4"]
[White "ACollins05"]
[Black "scarabee43"]
[Result "1-0"]
[WhiteElo "2609"]
[BlackElo "2878"]
[TimeControl "180+1"]
[EndTime "8:43:43 PST"]
[Termination "ACollins05 won by checkmate"]

1. d4 Nf6 2. c4 e6 3. Nf3 d5 4. g3 Be7 5. Bg2 O-O 6. O-O Nbd7 7.
Nc3 b6 8. cxd5 exd5 9. Ne5 Bb7 10. Qa4 Nb8 11. Bg5 h6 12. Bxf6 Bxf6 13. Rfd1 c6 14.
Rac1 Qd6 15. f4 Nd7 16. e4 Rfd8 17. exd5 cxd5 18. Nb5 Qf8 19. Nc7 Bxe5 20. dxe5 Nc5 21.
Qa3 Rac8 22. Nxd5 Bxd5 23. Rxd5 a5 24. Rcd1 f6 25. Qe3 fxe5 26. Qxe5 Re8 27. Qd6 Qf7 28. R5d2 Kh8 29. Qd5 Qf6 30. Qd4 Qe6 31. Bd5 Qg4 32. Qf2 Rcd8 33. Bf3 Qc8 34. Rxd8 Rxd8 35. Rxd8+ Qxd8 36. Qe3 Kh7 37. Be4+ Kg8 38. Bf3 Qd7 39. Kg2 Qf7 40.
Qe5 Kh7 41. Be4+ g6 42. Bd5 Qd7 43. b3 Nd3 44. Qe6 Qxe6 45. Bxe6 Nc1 46. a4 Kg7 47. Bc4 Kf6 48. Kf3 Na2 49. Ke4 Nb4 50. g4 Ke7 51. h4 Nc2 52. g5 hxg5 53. fxg5 Nb4 54. Bd3 Nc6 55. Kd5 Nb4+ 56. Kc4 Kf7 57. Be4 Na2 58.
Bd5+ Kg7 59. Kb5 Nc3+ 60. Kc6 Kf8 61. Bc4 Ne4 62. Kxb6 Nd2 63. Kxa5 Nf3 64. b4 Nxh4 65. b5 Ke7 66. b6 Nf5 67. b7 Nd6 68. b8=Q Nxc4+ 69. Kb4 Nd6 70. Qc7+ Ke6 71. Qc6 Ke5 72. a5 Ne4 73. a6 Nxg5 74. a7 Ne6 75. Qxe6+ Kxe6 76. a8=Q Ke5 77. Qg2 Kf5 78. Kc3 g5 79. Kd3 Kf4 80.
Ke2 g4 81. Kf2 Kg5 82. Qg3 Kf5 83. Ke3 Kg5 84. Ke4 Kf6 85. Kf4 Kf7 86. Qxg4 Ke7 87.
Qg6 Kd8 88. Qf7 Kc8 89. Ke5 Kb8 90. Kd6 Ka8 91. Kc6 Kb8 92. Qb7# 1-0

[Event "Early-Titled-Tuesday-Blitz-March-05-2024"]
[Site "Chess.com"]
[Date "2024.03.05"]
[Round "4"]
[White "ilqar_74"]
[Black "Kislov_Oleg"]
[Result "1/2-1/2"]
[WhiteElo "2834"]
[BlackElo "2584"]
[TimeControl "180+1"]
[EndTime "8:43:43 PST"]
[Termination "Game drawn by repetition"]

1. e4 e6 2. d4 d5 3. Nc3 Nf6 4.
e5 Nfd7 5. f4 c5 6. Nf3 Nc6 7.
Be3 a6 8. Be2 b5 9. dxc5 Bxc5 10. Bxc5 Nxc5 11. Nd4 Qb6 12. Nxc6 Qxc6 13. Qd4 g6 14.
O-O Rb8 15. a3 Qb6 16. Kh1 Ne4 17. Qxb6 Rxb6 18. Nd1 Ke7 19. c3 a5 20. Ne3 Bd7 21.
Nc2 Rc8 22. Kg1 Nd2 23. Rfd1 Nc4 24. Rab1 Rbb8 25. Kf2 g5 26. g3 gxf4 27. gxf4 f6 28. exf6+ Kxf6 29. Nd4 b4 30. axb4 axb4 31. Nf3 bxc3 32.
bxc3 Rxb1 33. Rxb1 Nd6 34. Bd3 h6 35. Ne5 Be8 36. Rb6 Nf7 37. Ng4+ Kg7 38. Rb3 h5 39.
Ne5 Nxe5 40. fxe5 Bg6 41. Be2 h4 42. Ke3 Kh6 43. Bg4 Rc6 44. Kd2 Kg5 45. h3 Kf4 46.
Rb4+ Kxe5 47. Be2 Bf5 48. Rxh4 Rb6 49. Rb4 Rc6 50. h4 Be4 51. h5 Rc7 52. Rb8 Rh7 53.
Rg8 Bf5 54. Ke3 Kf6 55. Rf8+ Ke5 56. Rg8 Rh6 57. Bf3 Rh7 58. Rg5 Rc7 59. Kd2 Rh7 60.
Be2 Kf4 61. Rg1 e5 62. Rf1+ Kg5 63. Rg1+ Kf4 64. Rf1+ Kg5 65. Ke3 Rc7 66. Rg1+ Kf6 67. Kd2 d4 68. cxd4 exd4 69. Rf1 Rc2+ 70. Kd1 Ra2 71. Rf3 Kg5 72. Rg3+ Kf4 73. Rg7 Ke3 74. Rg3+ Kf4 75. Rf3+ Kg5 76. Rg3+ Kf4 1/2-1/2

[Event "Early-Titled-Tuesday-Blitz-March-05-2024"]
[Site "Chess.com"]
[Date "2024.03.05"]
[Round "4"]
[White "emeli_chess"]
[Black "1mbl4"]
[Result "0-1"]
[WhiteElo "2438"]
[BlackElo "2605"]
[TimeControl "180+1"]
[EndTime "8:43:51 PST"]
[Termination "1mbl4 won by resignation"]

1. d4 Nf6 2. c4 g6 3. Nc3 Bg7 4. e4 d6 5. f3 O-O 6. Be3 e5 7. d5 Nh5 8. Qd2 f5 9. O-O-O Nd7 10. exf5 gxf5 11. Bd3 Nf4 12. Bc2 Nf6 13. g3 Ng6 14. Nge2 Nh5 15. f4 a6 16. Rhg1 b5 17. c5 dxc5 18. Bxc5 Re8 19. d6 Be6 20. d7 Rf8 21. Bxf8 Kxf8 22. fxe5 Nxe5 23. Nf4 Nxf4 24. gxf4 Nc4 25.
Qg2 Bh6 26. Kb1 Nd6 27. Bb3 Bf7 28. Bxf7 Kxf7 29. Qd5+ Ke7 30. Rde1+ Kxd7 31. Qe6+ Kc6 32. Qd5+ Kb6 33. Re6 Bf8 34. Rg8 Rb8 35. Qxf5 Qd7 36.
Rxd6+ Qxd6 37. Qe4 Rd8 38. a3 Bh6 39. Rxd8 Qxd8 40. Qe6+ Qd6 41. Qxd6+ cxd6 42. Ne2 Kc5 43. Kc2 Kd5 44. Kd3 Ke6 45. Ke4 d5+ 46. Kf3 Bg7 47. b3 a5 48. a4 b4 49. Nc1 Kf5 50. Nd3 Bd4 51. h3 h5 52. Nc1 h4 53. Ne2 Bf6 54.
Nc1 Bb2 55. Nd3 Bd4 56. Nc1 Bc3 57. Nd3 Bd2 58. Nc5 Bxf4 59. Nb7 Bc7 60. Nc5 Ke5 61. Nd7+ Kd4 62. Nf6 Be5 63. Nd7 Bg7 64. Nb6 Kc3 65.
Nxd5+ Kxb3 66. Nb6 Bd4 67. Nd7 Kxa4 68. Ke4 Ba7 69.
Kd3 Kb3 70. Ne5 a4 71. Nc4 a3 72. Na5+ Kb2 73. Nc4+ Kc1 74. Na5 a2 75. Kc4 Kb2 76. Kxb4 a1=Q 77. Nc4+ Kc2 0-1

[Event "Early-Titled-Tuesday-Blitz-March-05-2024"]
[Site "Chess.com"]
[Date "2024.03.05"]
[Round "4"]
[White "sathvikadiga"]
[Black "ljuks68"]
[Result "1-0"]
[WhiteElo "2587"]
[BlackElo "2405"]
[TimeControl "180+1"]
[EndTime "8:43:51 PST"]
[Termination "sathvikadiga won by resignation"]

1. e4 e6 2. d4 d5 3. Bd3 dxe4 4. Bxe4 Nf6 5. Bf3 Nbd7 6. Ne2 Bd6 7. c4 e5 8. Nbc3 O-O 9. O-O Re8 10. Ng3 exd4 11.
Qxd4 Ne5 12. Be2 Be6 13. Be3 Neg4 14. Rad1 Nxe3 15. fxe3 Bxg3 16. hxg3 Qe7 17. Qf4 Qc5 18. g4 h6 19. Rd4 Qg5 20. b4 Rad8 21. Qxg5 hxg5 22. Rfd1 Rxd4 23. Rxd4 c6 24. Bf3 Rc8 25. c5 Kf8 26. Kf2 Ke7 27. a4 a6 28. Kg3 Rd8 29.
b5 axb5 30. axb5 Rxd4 31. exd4 Kd7 32. bxc6+ bxc6 33. Nd1 Bd5 34. Nb2 Bxf3 35. Kxf3 Ke6 36. Nd3 Kd5 37. Nb4+ Kxd4 38. Nxc6+ Kxc5 39. Nd8 Nd7 40. Nxf7 Kd5 41. Nxg5 Ke5 42. Ne4 Nb6 43. Nf2 Nd5 44.
Nd3+ Kd4 45. Nf4 Nc7 46. Nh5 g5 47. Ng7 Ke5 48. Nf5 Ne6 49. Ke3 Nf4 50. g3 Ne6 51. Kf3 Nc5 52. Ne3 Ne6 53. Nc2 Nc5 54. Nb4 Ne6 55. Nd3+ Kd4 56. Nf2 Ke5 57. Nh3 Nd4+ 58. Ke3 Ne6 59. Kd3 Kd5 60. Nf2 Ke5 61. Ne4 Kd5 62.
Nd2 Ke5 63. Ke3 Kd5 64. Nf3 Kc5 65. Ke4 Kd6 66. Kf5 Ke7 67. Nxg5 Nd4+ 68. Kg6 Kf8 69.
Kf6 Ne2 70. Ne4 Kg8 71. g5 Nc1 72. g6 Nd3 73. g7 Nb4 74. Kg6 Nd5 75. Nf6+ Nxf6 76. Kxf6 1-0